 Dungeon Crawl Stone Soup version 0.27-a0-1281-ge233d83751 (webtiles) character file.

Game seed: 13949438647229854625

53 porpoise the Skirmisher (level 3, -5/30 HPs)
             Began as a Demonspawn Chaos Knight on June 13, 2021.
             Was a Plaything of Xom.
             Slain by an adder (6 damage)
             ... on level 3 of the Dungeon.
             The game lasted 00:05:29 (1818 turns).

porpoise the Skirmisher (Demonspawn Chaos Knight)   Turns: 1818, Time: 00:05:29

Health: -5/30      AC:  6    Str: 13    XL:     3   Next: 62%
Magic:  3/3        EV: 11    Int: 19    God:    Xom [..*...]
Gold:   94         SH:  0    Dex: 12    Spells: 2/2 levels left

rFire    . . .     SeeInvis .   a - +0 falchion (chaos)
rCold    . . .     Faith    .   (no shield)
rNeg     . . .     Spirit   .   d - +3 leather armour
rPois    .         Reflect  .   (no helmet)
rElec    .         Harm     .   (no cloak)
rCorr    .         Rampage  .   (no gloves)
Will     .....                  (no boots)
Stlth    +.........             (no amulet)
HPRegen  0.10/turn              n - +6 ring of intelligence
MPRegen  0.16/turn              (no ring)

@: flying
A: magic regeneration, sturdy frame 1
a: Renounce Religion


You were on level 3 of the Dungeon.
You worshipped Xom.
You were a toy of Xom.
You visited 1 branch of the dungeon, and saw 3 of its levels.

You collected 94 gold pieces.

Inventory:

Hand Weapons
 a - a +0 falchion of chaos (weapon)
 b - a +0 hunting sling
Missiles
 e - 64 stones (quivered)
 k - 4 atropa-tipped darts
 p - 28 arrows
Armour
 d - a +3 leather armour (worn)
Jewellery
 n - a +6 ring of intelligence (left hand)
Scrolls
 f - 4 scrolls of amnesia {unknown}
 g - 3 scrolls of enchant armour
 h - a scroll of identify {unknown}
 i - a scroll of noise {unknown}
 m - a scroll of teleportation {unknown}


   Skills:
 + Level 3.9 Fighting
 + Level 3.5 Long Blades
 - Level 1.7 Armour
 - Level 0.8 Dodging


You had 2 spell levels left.
You didn't know any spells.
Your spell library contained the following spells:

 Spells                   Type           Power      Damage    Failure   Level
 Magic Dart               Conj           0%         1d3       22%         1
 Blink                    Tloc           N/A        N/A       32%         2
 Call Imp                 Summ           0%         N/A       32%         2
 Slow                     Hex            0%         N/A       32%         2
 Conjure Flame            Conj/Fire      0%         6-21      54%         3
 Mephitic Cloud           Conj/Pois/Air  0%         N/A       54%         3


Dungeon Overview and Level Annotations

Branches:
Dungeon (3/15)

Altars:


Innate Abilities, Weirdness & Mutations

You regenerate magic rapidly.
Your movements are slightly less encumbered by armour. (ER -2)


Message History

The adder bites you but does no damage.
It was a potion of cancellation.
Your magical effects are unravelling.
You feel magically purged.
Xom roars with laughter!
You feel less wooden.
Your +2 leather armour unmelds from your body.
You feel a little less clever now. The adder closely misses you.
The adder bites you but does no damage.
It was a potion of flight.
You feel very buoyant.
You fly up into the air.
The adder bites you but does no damage. The adder barely misses you.
You riposte.
You hit the adder but do no damage.
The adder is lightly wounded.
You miss the adder.
The adder is lightly wounded.
The adder bites you.
* * * LOW HITPOINT WARNING * * *
The adder misses you.
You aren't carrying any items that you can evoke.
Unknown command.
Unknown command.
As you read the scroll labelled QEIHYI YSCHAZAD, it crumbles to dust.
It is a scroll of enchant armour.
Your +2 leather armour glows green for a moment.
The adder bites you but does no damage. The adder barely misses you.
Press: ? - help, v - describe, . - travel
Here: an adder (lightly wounded, fast)
The floor, spattered with blood.
Unknown command.
You aren't carrying any potions.
Unknown command.
The adder barely misses you.
You riposte.
You hit the adder.
The adder is heavily wounded.
The adder closely misses you.
You riposte.
You hit the adder.
The adder seems to grow stronger.
The adder is almost dead.
The adder misses you. The adder bites you.
You die...

### ######## .. ..#
#....... # #. #.#
.#####. #.#. #.# #.
###.#.##.####### S
#.
...........SS@.####
#.
##......##.......#
####.
#....#.##.##..#.#
#....
#.#.#.######....#
##.## #.....# S
##'### #...#
###...'≈♣ #♣≈P♣
##.##
#+#.#≈♣#♣≈♣♣≈# #.#
.##♣≈♣≈♣# ≈# #.## .
♣≈≈≈♣#♣####### #..#


You could see an adder (fast, strong) and a ball python.

Vanquished Creatures
  An adder (D:3)
  7 bats
  4 endoplasms
  2 giant cockroaches
  7 goblins
  5 hobgoblins
  A kobold (D:1)
  2 quokkas (D:1)
  4 ball pythons (D:1)
  A frilled lizard (D:1)
  5 rats
39 creatures vanquished.

Notes
Turn   | Place    | Note
-------+----------+-------------------------------------------
     0 | D:1      | porpoise the Demonspawn Chaos Knight began the quest for
                  | the Orb.
     0 | D:1      | Reached XP level 1. HP: 18/18 MP: 1/1
     8 | D:1      | Noticed an electric eel
   273 | D:1      | Gained mutation: You regenerate magic rapidly. [demonic
                  | ancestry]
   273 | D:1      | Reached XP level 2. HP: 24/24 MP: 2/2
   305 | D:1      | XOM: cloud trail
   332 | D:1      | XOM: cast spell 'Cause Fear'
   709 | D:1      | XOM: silly message
   761 | D:1      | Gained mutation: Your movements are slightly less
                  | encumbered by armour. (ER -2) [demonic ancestry]
   761 | D:1      | Reached XP level 3. HP: 20/29 MP: 3/3
  1628 | D:3      | XOM: divination: detect creatures
  1725 | D:3      | XOM: noise
  1808 | D:3      | HP: 2/45 [adder (3)]
  1818 | D:3      | Slain by an adder

Illustrated notes

Levels and vault maps discovered:
D:1:      arrival_aquarium_a, layout_rooms, kennysheep_crisscross,
          minmay_misc_feat_alley, minmay_vboxes
D:2:      layout_rooms
D:3:      layout_loops_corners, nzn_wu_jian_council_hall,
          hellmonk_ecumenical_altar_zigzags, minmay_crystal_water,
          grunt_decor_fettered, saegor_snake_ambush

Skill      XL: |  1 |
---------------+----+-----
Long Blades    | 3 |  3.5
Fighting       | |  3.9
Armour         | |  1.7
Dodging        | |  0.8

Action                   || total
-------------------------++-------
Melee: Falchion          ||    72
 Fire: Hunting sling     ||    61
  Use: Potion            ||     5
       Scroll            ||     1
Armor: Leather armour    ||    35
       Skin              ||     1
Dodge: Dodged            ||    51
       Rpst.: Falchion   ||    15

Table legend: (Time is in decaauts)
 A = Elapsed time spent in this place.
 B = Non-inter-level travel time spent in this place.
 C = Inter-level travel time spent in this place.
 D = Time resting spent in this place.
 E = Time spent auto-exploring this place.
 F = Levels seen in this place.
 G = Mean time per level.
                   A        B        C        D        E       F      G
               +--------+--------+--------+--------+--------+-----+--------+
         Total |   1826 |   1790 |     36 |    438 |   1050 |   3 |  608.7 |
       Dungeon |   1826 |   1790 |     36 |    438 |   1050 |   3 |  608.7 |
               +--------+--------+--------+--------+--------+-----+--------+

Top non-repeatable levels by time:
     D:1: 1115 daAuts
     D:2: 412 daAuts
     D:3: 298 daAuts
